 Dungeon Sprint DCSS version 0.28.0-53-g5a82cb258f (webtiles) character file.

Game seed: 17305778077707650221

18306 Zeld the Slayer (level 12, 0/137 HPs)
             Began as a Minotaur Berserker on June 4, 2022.
             Was the Champion of Trog.
             Slain by an azure jelly (3 damage)
             ... in the Dungeon (Sprint III: "The Ten Rune Challenge").
             The game lasted 00:04:54 (5214 turns).

Zeld the Slayer (Minotaur Berserker)                Turns: 5214, Time: 00:04:55

Health: 0/137      AC:  7    Str: 27    XL:     12   Next: 26%
Magic:  3/3        EV: 18    Int:  4    God:    Trog [******]
Gold:   36         SH:  0    Dex: 12    Spells: 11/11 levels left

rFire   . . .      SeeInvis .   a - +7 battleaxe (antimagic)
rCold   . . .      Faith    .   (shield currently unavailable)
rNeg    . . .      Spirit   .   b - +0 animal skin
rPois   .          Reflect  .   i - +2 hat {Stlth+}
rElec   .          Harm     .   (no cloak)
rCorr   .          Rampage  .   (no gloves)
Will    .....      NoTele   +   (no boots)
Stlth   ++........              (no amulet)
HPRegen 0.32/turn               (no ring)
MPRegen 0.08/turn               (no ring)

@: on berserk cooldown, slowed, very slow
A: horns 2, retaliatory headbutt, hooves 1, iridescent scales 1, thin skeletal
structure 1
a: Renounce Religion, Berserk, Trog's Hand, Brothers in Arms


You were in the Dungeon.
You worshipped Trog.
Trog was exalted by your worship.
You visited 1 branch You collected 36 gold pieces.

Inventory:

Hand Weapons
 a - a +7 antimagic battleaxe (weapon)
 t - a +2 battleaxe of flaming
Armour
 b - a +0 animal skin (worn)
 i - a +2 hat of stealth (worn)
Wands
 q - a wand of polymorph (13)
Scrolls
 j - a scroll of amnesia
 n - a scroll of holy word
 o - a scroll of vulnerability {unknown}
Potions
 c - 3 potions of curing
 e - 2 potions of haste
 f - 2 potions of magic
 g - a potion of berserk rage
 h - a potion of lignification {unknown}
 k - a potion of attraction {unknown}
 l - 4 potions of flight
 m - a potion of mutation
 r - 2 potions of might
 s - 2 potions of brilliance {unknown}
Miscellaneous
 p - a condenser vane


   Skills:
 * Level 21.8 Fighting
 * Level 21.7 Axes
 + Level 15.8 Armour
 + Level 14.4 Dodging


You had 11 spell levels left.
You didn't know any spells.
Your spell library was empty.

Dungeon Overview and Level Annotations

Branches:
Dungeon (1/1)

Altars:
Cheibriados
Dithmenos
Elyvilon
Fedhas
Gozag
Hepliaklqana
Kikubaaqudgha
Makhleb
Nemelex Xobeh
Okawaru
Qazlal
Ru
Sif Muna
Trog
Uskayaw
Vehumet
Wu Jian
Xom
Yredelemnul
Zin
The Shining One
Beogh
Jiyva
Lugonu


Innate Abilities, Weirdness & Mutations

You have a pair of horns on your head.
You reflexively headbutt those who attack you in melee.
You have large cloven feet.
You are partially covered in iridescent scales. (AC +2)
You have a somewhat thin skeletal structure. (Dex +2, Stealth+)


Message History

The azure jelly closely misses you. The azure jelly completely misses you.
The azure jelly hits you but does no damage.
The azure jelly barely misses you.
Unknown command.
You are too berserk!
Unknown command.
You are too berserk!
Unknown command.
You are no longer berserk.
You are exhausted.
You feel yourself slow down. Why would you want to do that?
Okay, then.
You feel much better. The azure jelly completely misses you.
The azure jelly barely misses you. The azure jelly misses you.
The azure jelly splashes around in the water.
Your cyclops goes berserk!
The azure jelly splashes around in the water.
The azure jelly completely misses you. The azure jelly hits you.
* * * LOW HITPOINT WARNING * * *
The azure jelly hits you.
* * * LOW HITPOINT WARNING * * *
The azure jelly hits your cyclops! The azure jelly freezes your cyclops!!!
The azure jelly hits your cyclops! The azure jelly freezes your cyclops!!!
Your cyclops dies!
Your cyclops's corpse disappears in a puff of smoke!
The azure jelly hits you but does no damage. x2
The azure jelly barely misses you. The azure jelly hits you.
* * * LOW HITPOINT WARNING * * *
The azure jelly barely misses you. You furiously retaliate!
You headbutt the azure jelly, but do no damage.
The azure jelly closely misses you. The azure jelly misses you.
The azure jelly hits you.
* * * LOW HITPOINT WARNING * * *
The azure jelly hits you.
* * * LOW HITPOINT WARNING * * *
The azure jelly freezes you!!
* * * LOW HITPOINT WARNING * * *
The azure jelly hits you.
You die...

###..##...##.....#...#__#..
##†.##....#......#'###__#..
#..###..##.#.....#)):#__#..
#..# #..#####....#___#__'..
▓▓▓▓▓▓▓▓▓▓▓▓▓▓▓▓▓▓▓▓▓▓▓▓▓▓▓
▓...'≈≈≈.≈§§§§♣♣.....♣♣♣♣≈≈
▓...#≈≈≈§§§≈≈§♣♣.≈≈≈≈'♣♣)♣≈
▓...#.≈§§§§§≈≈≈'.....#)≈♣♣♣
▓...#.≈§§J@§≈.♣♣♣♣♣♣♣#..♣♣
▓...#≈≈≈JJ≈§≈≈♣ ###'♣♣
▓##'####'#######♣ ♣♣♣♣.##
▓..J...)....)...♣♣ ♣...##.
▓#'#############'♣ ♣♣.##.#
▓...#≈...÷.......♣ ♣..#.#
▓...+≈≈..÷########♣♣ ♣♣.##.
▓...#≈≈≈...........♣ ♣♣)##.
▓...#≈≈≈≈..........♣ ♣.?...


You could see 3 azure jellies.

Vanquished Creatures
  Sigmund (D)
  Rupert (D)
  Gastronok (D)
  An azure jelly (D)
  2 dire elephants (D)
  Snorg (D)
  A centaur warrior (D)
  4 death yaks (D)
  Urug (D)
  A lindwurm (D)
  A deep elf pyromancer (D)
  2 elephants (D)
  2 black mambas (D)
  2 cane toads (D)
  Edmund (D)
  An unseen horror (D)
  A rime drake (D)
  A komodo dragon (D)
  2 tyrant leeches (D)
  8 blink frogs (D)
  A shadow (D)
  3 redbacks (D)
  A spatial vortex (D)
  A swamp drake (D)
  A necrophage (D)
  2 centaurs (D)
  An earth elemental (D)
  3 wandering mushrooms (D)
  A water elemental (D)
  A scorpion (D)
  A jelly (D)
  Jessica (D)
  A wizard (D)
  A necromancer (D)
  3 humans (D)
  A kobold demonologist (D)
  An endoplasm (D)
  2 rats (D)
61 creatures vanquished.

Vanquished Creatures (others)
  11 plants (D)
11 creatures vanquished.

Grand Total: 72 creatures vanquished

Notes
Turn   | Place    | Note
-------+----------+-------------------------------------------
     0 | D        | Zeld the Minotaur Berserker began the quest for the Orb.
     0 | D        | Reached XP level 1. HP: 19/19 MP: 0/0
    28 | D        | Noticed Jessica
    33 | D        | Killed Jessica
    33 | D        | Reached ** piety under Trog
    34 | D        | Reached skill level 5 in Fighting
    34 | D        | Reached skill level 5 in Axes
    34 | D        | Reached XP level 2. HP: 5/29 MP: 1/1
    67 | D        | Reached XP level 3. HP: 7/36 MP: 2/2
   217 | D        | Noticed a scorpion
   222 | D        | Killed a scorpion
   223 | D        | Reached XP level 4. HP: 21/45 MP: 3/3
   225 | D        | Reached skill level 5 in Armour
   428 | D        | Gained mutation: You possess an exceptional clarity of
                  | mind. [potion of mutation]
   428 | D        | Gained mutation: You have a pair of large horns on your
                  | head. [potion of mutation]
   428 | D        | Gained mutation: You occasionally shout uncontrollably at
                  | your foes. [potion of mutation]
   494 | D        | Lost mutation: You occasionally shout uncontrollably at
                  | your foes. [potion of mutation]
   494 | D        | Lost mutation: You possess an exceptional clarity of mind.
                  | [potion of mutation]
   494 | D        | Gained mutation: Your spells are a little harder to cast,
                  | but a little more powerful. [potion of mutation]
   553 | D        | Lost mutation: Your spells are a little harder to cast, but
                  | a little more powerful. [potion of mutation]
   553 | D        | Lost mutation: You have a pair of large horns on your head.
                  | [potion of mutation]
   553 | D        | Gained mutation: You have large cloven feet. [potion of
                  | mutation]
   553 | D        | Gained mutation: You are partially covered in iridescent
                  | scales. (AC +2) [potion of mutation]
   553 | D        | Gained mutation: You have a somewhat thin skeletal
                  | structure. (Dex +2, Stealth+) [potion of mutation]
   641 | D        | Noticed a water elemental
   644 | D        | Killed a water elemental
   645 | D        | Reached skill level 5 in Dodging
   645 | D        | Reached XP level 5. HP: 55/55 MP: 4/4
   777 | D        | Found a radiant altar of Vehumet.
   777 | D        | Found a shimmering blue altar of Sif Muna.
   777 | D        | Found an ancient bone altar of Kikubaaqudgha.
   779 | D        | Noticed an orange demon
   780 | D        | Reached *** piety under Trog
   781 | D        | Noticed a red devil
   889 | D        | Found a glowing silver altar of Zin.
   889 | D        | Found a glowing golden altar of the Shining One.
   889 | D        | Found a white marble altar of Elyvilon.
   890 | D        | Noticed a deep elf pyromancer
   903 | D        | Killed a deep elf pyromancer
   903 | D        | Reached **** piety under Trog
   904 | D        | Reached XP level 6. HP: 58/68 MP: 5/5
   904 | D        | Reached XP level 7. HP: 63/74 MP: 6/6
  1015 | D        | Found a hide-covered altar of Uskayaw.
  1015 | D        | Found an iron altar of Okawaru.
  1015 | D        | Found a bloodstained altar of Trog.
  1015 | D        | Found an ornate altar of the Wu Jian Council.
  1015 | D        | Noticed a human
  1017 | D        | Noticed a human
  1022 | D        | Killed a human
  1028 | D        | Killed a human
  1073 | D        | Found a basalt altar of Yredelemnul.
  1073 | D        | Found a shadowy altar of Dithmenos.
  1073 | D        | Found a sacrificial altar of Ru.
  1120 | D        | Noticed a shadow
  1126 | D        | Killed a shadow
  1126 | D        | Reached ***** piety under Trog
  1127 | D        | Reached XP level 8. HP: 66/85 MP: 7/7
  1176 | D        | Found a blossoming altar of Fedhas.
  1176 | D        | Found a stormy altar of Qazlal.
  1176 | D        | Found a snail-covered altar of Cheibriados.
  1176 | D        | Found a burning altar of Makhleb.
  1176 | D        | Found a shimmering altar of Xom.
  1177 | D        | Found a hazy altar of Hepliaklqana.
  1177 | D        | Found an opulent altar of Gozag.
  1177 | D        | Found a sparkling altar of Nemelex Xobeh.
  1177 | D        | Found a corrupted altar of Lugonu.
  1177 | D        | Found a viscous altar of Jiyva.
  1319 | D        | Noticed Snorg
  1331 | D        | Killed Snorg
  1332 | D        | Reached skill level 10 in Armour
  1548 | D        | Reached XP level 9. HP: 23/96 MP: 8/8
  1849 | D        | Noticed a centaur warrior
  1855 | D        | Received a gift from Trog
  1857 | D        | Killed a centaur warrior
  1858 | D        | Reached skill level 15 in Fighting
  1858 | D        | Reached skill level 15 in Axes
  1858 | D        | Reached skill level 10 in Dodging
  2086 | D        | Killed an unseen horror
  2202 | D        | Noticed a wandering mushroom
  2206 | D        | Noticed Sigmund
  2206 | D        | Noticed Edmund
  2222 | D        | Killed Sigmund
  2223 | D        | Reached XP level 10. HP: 15/111 MP: 3/9
  2224 | D        | Killed Edmund
  3185 | D        | Noticed a cane toad
  3185 | D        | Noticed a cane toad
  3188 | D        | Killed a cane toad
  3192 | D        | Received a gift from Trog
  3196 | D        | Killed a cane toad
  3456 | D        | Received a gift from Trog
  3622 | D        | Reached XP level 11. HP: 106/121 MP: 3/10
  3787 | D        | Noticed a dire elephant
  3787 | D        | Noticed a dire elephant
  3787 | D        | Noticed Gastronok
  4000 | D        | Killed Gastronok
  4000 | D        | Received a gift from Trog
  4000 | D        | Reached ****** piety under Trog
  4138 | D        | Killed a dire elephant
  4296 | D        | Killed a dire elephant
  4306 | D        | Noticed Rupert
  4317 | D        | Noticed an azure jelly
  4318 | D        | Noticed an azure jelly
  4318 | D        | Noticed an azure jelly
  4320 | D        | Noticed an azure jelly
  4343 | D        | Killed Rupert
  4343 | D        | Received a gift from Trog
  4502 | D        | Noticed a death yak
  4503 | D        | Noticed a death yak
  4507 | D        | Noticed a death yak
  4511 | D        | Killed a death yak
  4511 | D        | Noticed a death yak
  4515 | D        | Killed a death yak
  4516 | D        | Reached skill level 15 in Armour
  4519 | D        | Killed a death yak
  4519 | D        | Killed a death yak
  4522 | D        | Reached XP level 12. HP: 136/136 MP: 3/11
  4917 | D        | Noticed Urug
  4920 | D        | Killed Urug
  5073 | D        | Noticed an eight-headed hydra
  5073 | D        | Noticed a seven-headed hydra
  5203 | D        | Killed an azure jelly
  5203 | D        | Received a gift from Trog
  5214 | D        | HP: 3/137 [azure jelly (21)]
  5214 | D        | Slain by an azure jelly

Illustrated notes

Levels and vault maps discovered:
D:        dungeon_sprint_mu [sprint_mu_entry_cave, sprint_mu_temple_rooms,
          sprint_mu_d1_horrors, sprint_mu_d2_genie, sprint_mu_d3_branching,
          sprint_mu_orc_legion, sprint_mu_elf_gauntlet, sprint_mu_hive_nellie,
          sprint_mu_lair_fedhas, sprint_mu_vaults_butterflies,
          sprint_mu_slime_circle, sprint_mu_shoals_archi,
          sprint_mu_snake_twists, sprint_mu_blade_basic,
          sprint_mu_crypt_fortress, sprint_mu_tomb_spiral,
          sprint_mu_vestibule_basic, sprint_mu_gehenna_hellfire,
          sprint_mu_dis_giant, sprint_mu_tartarus_statrot,
          sprint_mu_cocytus_islands, sprint_mu_zot1]

Skill      XL: |  1  2  3  4  5  6  7  8  9 10 11 |
---------------+----------------------------------+-----
Fighting       | 5 6 8 11 12 14 17 18 21 | 21.8
Axes           | 5 6 8 11 12 14 17 18 21 | 21.7
Armour         | 3 4 5 8 9 10 12 13 15 | 15.8
Dodging        | 3 4 5 7 8 9 11 12 14 | 14.4

Action                   |  1- 3 |  4- 6 |  7- 9 | 10-12 || total
-------------------------+-------+-------+-------+-------++-------
Melee: Hand axe          |     8 |    12 |    67 |       ||    87
       Headbutt          |     1 |     3 |    21 |    21 ||    46
       Kick              |       |     4 |    27 |    41 ||    72
       Punch             |       |     1 |       |       ||     1
       Battleaxe         |       |       |    13 |   109 ||   122
Invok: Berserk           |     2 |     3 |     5 |     8 ||    18
       Brothers in Arms  |       |       |       |     1 ||     1
Evoke: Condenser vane    |       |       |     1 |       ||     1
  Use: Potion            |       |     3 |       |     1 ||     4
       Scroll            |       |       |       |     4 ||     4
 Stab: Sleeping          |     1 |       |     2 |     3 ||     6
Armor: Animal skin       |       |       |     7 |    10 ||    17
Dodge: Dodged            |     3 |     7 |    40 |    56 ||   106
